 Dungeon Crawl Stone Soup version 0.20.0-15-g7f486f2 (webtiles) character file.

69 vishdafish the Shield-Bearer (level 4, -6/44 HPs)
             Began as a Troll Fighter on June 19, 2017.
             Mangled by NoNouf's ghost (14 damage)
             ... on level 3 of the Dungeon.
             The game lasted 00:03:38 (1908 turns).

vishdafish the Shield-Bearer (Troll Fighter)        Turns: 1908, Time: 00:03:39

Health: -6/44      AC:  5    Str: 24    XL:     4   Next: 2%
Magic:  3/3        EV:  8    Int:  4    God:
Gold:   53         SH:  9    Dex: 10    Spells: 3/3 levels left

rFire    . . .     SeeInvis .   a - +0 flail
rCold    . . .     Gourm    +   c - +0 shield
rNeg     . . .     Faith    .   b - +0 robe
rPois    .         Spirit   .   (helmet restricted)
rElec    .         Reflect  .   (no cloak)
rCorr    .         Harm     .   (gloves unavailable)
MR       .....     Rnd*Tele +   (boots unavailable)
Stlth    +.........             (no amulet)
Regen    0.6/turn               f - ring of teleportation (curse)
MPRegen  0.1/turn               (no ring)

@: hasted, very quick
A: unfitting armour, claws 3, fast metabolism 3, gourmand, regeneration 1,
shaggy fur 1, tough skin 2
a: no special abilities


You were on level 3 of the Dungeon.
You were not hungry.

You visited 1 branch of the dungeon, and saw 3 of its levels.

You collected 53 gold pieces.

Inventory:

Hand Weapons
 a - a +0 flail (weapon)
Armour
 b - a +0 robe (worn)
 c - a +0 shield (worn)
Jewellery
 f - a cursed ring of teleportation (left claw)
Scrolls
 g - 3 scrolls of teleportation
 h - a scroll of recharging
 i - a scroll of amnesia {unknown}
 k - a scroll of blinking {unknown}
Potions
 d - 2 potions of might
 e - a potion of haste
 j - 2 potions of curing {unknown}
 l - a potion of mutation {unknown}
 m - a potion of lignification {unknown}
 o - a potion of agility {unknown}
Comestibles
 n - 2 fruits


   Skills:
 + Level 2.7 Fighting
 + Level 2.3 Maces & Flails
 + Level 2.9 Dodging
 + Level 0.1 Stealth
 + Level 3.0 Shields


You had 3 spell levels left.
You didn't know any spells.

Dungeon Overview and Level Annotations

Branches:
Dungeon (3/15)

Altars:
Nemelex Xobeh
Zin

Annotations:
D:3 NoNouf's ghost, amateur GrFi


Innate Abilities, Weirdness & Mutations

You are too large for most types of armour.
You have claws for hands.
Your metabolism is lightning-fast.
You like to eat raw meat.
Your natural rate of healing is unusually fast.
You are covered in fur. (AC +1)
You have very tough skin. (AC +2)


Message History

You climb downwards.
There is a stone staircase leading up here.
Unknown command.
NoNouf's ghost (amateur Gargoyle Fighter) comes into view.
NoNouf's ghost turns its malevolent gaze towards you.
Found a club.
NoNouf's ghost hits you!
Found a scroll of identify.
You closely miss NoNouf's ghost. NoNouf's ghost hits you! x2
* * * LOW HITPOINT WARNING * * *
A goblin comes into view.
You hit NoNouf's ghost.
NoNouf's ghost is lightly damaged.
You block NoNouf's ghost's attack.
A kobold comes into view. It is wielding a dagger.
Okay, then.
You feel yourself speed up.
The kobold shouts!
NoNouf's ghost hits you!
You die...

#.# #.# #.# #.#
#.# #.# #.# #.#
#@#
#...../W.......
#.?.#.#g#......
#. #.#.#######
) ..K ## #.#
#.# #.#


You could see NoNouf's ghost, a goblin and a kobold.

Vanquished Creatures
  An adder (D:2)
  An ooze (D:1)
  5 dart slugs
  A leopard gecko (D:2)
  4 giant cockroaches
  4 goblins
  6 hobgoblins
  7 kobolds
  2 ball pythons
  4 bats
  4 frilled lizards
  6 rats
45 creatures vanquished.

Notes
Turn   | Place    | Note
-------+----------+-------------------------------------------
     0 | D:1      | vishdafish the Troll Fighter began the quest for the Orb.
     0 | D:1      | Reached XP level 1. HP: 22/22 MP: 0/0
   352 | D:1      | Reached XP level 2. HP: 29/29 MP: 1/1
   360 | D:1      | Found a sparkling altar of Nemelex Xobeh.
   816 | D:1      | Reached XP level 3. HP: 36/36 MP: 2/2
  1152 | D:2      | Reached skill level 3 in Shields
  1695 | D:2      | Reached XP level 4. HP: 44/44 MP: 3/3
  1842 | D:2      | Found a glowing silver altar of Zin.
  1902 | D:3      | Noticed NoNouf's ghost (amateur GrFi)
  1908 | D:3      | Mangled by NoNouf's ghost

Skill      XL: |  1  2  3 |
---------------+----------+-----
Maces & Flails | 2 |  2.3
Shields        | 3 |  3.0
Fighting       | |  2.7
Dodging        | |  2.9
Stealth        | |  0.1

Action                   |  1- 3 |  4- 6 || total
-------------------------+-------+-------++-------
Melee: Flail             |   152 |     5 ||   157
  Use: Scroll            |     3 |       ||     3
       Potion            |       |     1 ||     1
 Stab: Sleeping          |     1 |       ||     1
  Eat: Bread ration      |     2 |       ||     2
       Fruit             |     2 |       ||     2
       Chunk             |     1 |     3 ||     4
       Royal jelly       |     1 |       ||     1
Armor: Robe              |    67 |     1 ||    68
Dodge: Dodged            |    61 |     2 ||    63
Block: Shield            |    84 |     2 ||    86
